 Dungeon Sprint DCSS version 0.18-a0-1799-g6250cb2 (webtiles) character file.

9026 Kidiri the Unseen (level 11, -13/56 HPs)
             Began as a Spriggan Enchanter on Apr 23, 2016.
             Was the Champion of Dithmenos.
             Mangled by Norris
             ... wielding a +3 scimitar
              (21 damage)
             ... in the Dungeon (Sprint I: "Red Sonja").
             The game lasted 00:40:43 (2447 turns).

Kidiri the Unseen (Spriggan Enchanter)              Turns: 2447, Time: 00:40:44

Health: -13/56     AC:  6    Str:  4    XL:     11   Next: 17%
Magic:  7/28       EV: 31    Int: 21    God:    Dithmenos [******]
Gold:   68         SH:  0    Dex: 18    Spells: 12 memorised, 0 levels left

rFire  + . .     SeeInvis +     s - +4 rapier (vamp)
rCold  . . .     Gourm    .     l - +1 robe {rC+}
rNeg   . . .     Faith    .     (shield restricted)
rPois  +         Spirit   .     w - +2 hat
rElec  .         Dismiss  .     v - +0 cloak
rCorr  .         Reflect  .     (gloves unavailable)
SustAt +         Harm     .     (boots unavailable)
MR     +....     NoTele   +     (no amulet)
Stlth  ++++++++++               a - ring of Idealism {Fire +Fly rPois Int+2}
                                t - ring of sustain attributes

@: exhausted, hasted and slowed, wreathed by umbra, very quick, somewhat
resistant to hostile enchantments, uncannily stealthy
A: unfitting armour, see invisible, herbivore 3, speed 3, slow metabolism 2
a: Shadow Step, Shadow Form, Renounce Religion, Evoke Flight


You were in the Dungeon.
You worshipped Dithmenos.
Dithmenos was exalted by your worship.
You were not hungry.

You visited 1 branch You collected 1548 gold pieces.
You spent 1480 gold pieces at shops.

Inventory:

Hand Weapons
 s - a +4 vampiric rapier (weapon)
Armour
 l - a +1 robe of cold resistance (worn)
 v - a +0 cloak (worn)
 w - a +2 hat (worn)
Jewellery
 a - the ring of Idealism (right hand) {Fire +Fly rPois Int+2}
   (You bought it in a shop in the Dungeon)

   [ring of fire]

   It enhances your fire magic, and weakens your ice magic.
   It affects your intelligence (+2).
   It protects you from fire.
   It makes you vulnerable to cold.
   It protects you from poison.
   It lets you fly.
 t - a ring of sustain attributes (left hand)
Wands
 q - a wand of acid (9/15)
Scrolls
 j - a scroll of blinking
 p - a scroll of amnesia {unknown}
Potions
 k - a potion of cancellation
Books
 y - a book of Frost

   Spells                             Type                      Level
   a - Freeze                         Ice                          1
   b - Throw Frost                    Conjuration/Ice              2
   c - Ozocubu's Armour               Charms/Ice                   3
   d - Throw Icicle                   Conjuration/Ice              4
   e - Summon Ice Beast               Ice/Summoning                4
Miscellaneous
 r - an ornate deck of defence
Comestibles
 x - a bread ration


   Skills:
 + Level 6.2 Fighting
 * Level 11.6 Short Blades
 + Level 5.7 Armour
 * Level 14.5 Dodging
 * Level 16.0 Stealth
 * Level 12.6 Spellcasting
 + Level 5.3 Conjurations
 + Level 9.6 Hexes
 + Level 3.9 Charms
 + Level 3.5 Transmutations
 + Level 6.0 Ice Magic
 + Level 2.4 Earth Magic
 - Level 5.8 Invocations


You couldn't memorise any spells.
You knew the following spells:

 Your Spells              Type           Power        Failure   Level  Hunger
a - Corona                Hex            ######.      1%          1    None
b - Ensorcelled Hibernat  Hex/Ice        ###...       1%          2    None
c - Confuse               Hex            ######..     1%          3    None
d - Tukima's Dance        Hex            ######..     1%          3    None
e - Dazzling Spray        Conj/Hex       #####...     1%          3    None
f - Stone Arrow           Conj/Erth      ####..       2%          3    None
g - Passwall              Trmt/Erth      ####......   1%          2    None
h - Petrify               Trmt/Erth      ####....     17%         4    None
i - Lee's Rapid Deconstr  Erth           ###.......   54%         5    ####...
j - Throw Frost           Conj/Ice       ###...       1%          2    None
k - Ozocubu's Armour      Chrm/Ice       ###.....     1%          3    None
l - Throw Icicle          Conj/Ice       ###.....     6%          4    None


Dungeon Overview and Level Annotations

Branches:
Dungeon (1/1)

Altars:
Cheibriados
Dithmenos
Elyvilon
Fedhas
Gozag
Kikubaaqudgha
Makhleb
Nemelex Xobeh
Okawaru
Pakellas
Qazlal
Ru
Sif Muna
Trog
Vehumet
Xom
Yredelemnul
Zin
The Shining One
Jiyva

Shops:
D ((*[[=%(:!*===}[[

Annotations:
D 2 exclusions, Norris


Innate Abilities, Weirdness & Mutations

You are tiny and cannot use many weapons and most armour.
You have supernaturally acute eyesight.
You are a herbivore.
You cover ground extremely quickly.
You need consume almost no food.


Message History

Norris hits you with an enchanted scimitar!!
You emit a cloud of dark smoke.
You can move again.
Norris blocks your attack.
Norris is severely wounded.
Norris calls down the wrath of his god upon you.
Something smites you!
* * * LOW HITPOINT WARNING * * *
You emit a cloud of dark smoke.
Unknown command.
Drink which item? (? for menu, Esc to quit)
You feel better. Norris completely misses you.
Drink which item? (? for menu, Esc to quit)
You can't drink that!
Drink which item? (? for menu, Esc to quit)
You feel yourself speed up.
Norris hits you with an enchanted scimitar.
* * * LOW HITPOINT WARNING * * *
Norris hits you with an enchanted scimitar!!
You die...

#################################
<.#..'..#.)'..#§§#.§'..)#)(#§§.§+
..'%.#.)'..#..§§§@§.#...##'#§####
..#####+#####+#§@####)..'§§#.#[##
..####..#...#.####.[#####§.§.#+#$
..#__####..##)#§§≈§§#§.##'####^.$
..#_.___##+#..+§§§§§+§.#.§..§#..$
⌠⌠#_.∩...+..._#§§§§§#§.#§§§§§§..$
###_..._##_.#+##+#####+###§§.#...
#_____###+#.#[.(.###.+.#§§§###+
###########(####+###)###.#§§## §
∩........+...+.....+.∩##.#§.# §


You could see Norris (invisible).

Vanquished Creatures
  A lorocyproca (D)
  2 centaur warriors (D)
  Sonja (D)
  A deep troll (D)
  2 unseen horrors (D)
  A lindwurm (D)
  An oklob plant (D)
  A gargoyle (D)
  4 demonic crawlers (D)
  2 kobold demonologists (D)
  A slime creature (D)
  2 redbacks (D)
  Sigmund (D)
  A yak (D)
  2 giant eyeballs (D)
  7 necrophages (D)
  A wasp (D)
  An ogre (D)
  8 jellies (D)
  Ijyb (D)
  2 ballistomycetes (D)
  A giant spore (D)
44 creatures vanquished.

Vanquished Creatures (others)
  A gargoyle (D)
  A giant spore (D)
2 creatures vanquished.

Grand Total: 46 creatures vanquished

Notes
Turn   | Place    | Note
--------------------------------------------------------------
     0 | D        | Kidiri the Spriggan Enchanter began the quest for the Orb.
     0 | D        | Reached XP level 1. HP: 9/9 MP: 5/5
     2 | D        | Noticed Ijyb
     7 | D        | Killed Ijyb
     7 | D        | Reached skill level 1 in Fighting
     7 | D        | Reached skill level 1 in Armour
     7 | D        | Reached skill level 5 in Stealth
     7 | D        | Reached XP level 2. HP: 12/14 MP: 4/7
    41 | D        | Learned a level 2 spell: Ensorcelled Hibernation
    42 | D        | Noticed an ogre
    44 | D        | Killed an ogre
    44 | D        | Reached skill level 7 in Stealth
    44 | D        | Reached skill level 5 in Spellcasting
    44 | D        | Reached skill level 1 in Ice Magic
    44 | D        | Reached XP level 3. HP: 18/18 MP: 7/10
    44 | D        | Reached XP level 4. HP: 23/23 MP: 8/12
    58 | D        | Learned a level 3 spell: Confuse
    62 | D        | Learned a level 3 spell: Tukima's Dance
    66 | D        | Learned a level 3 spell: Dazzling Spray
    78 | D        | Noticed Sigmund
    80 | D        | Killed Sigmund
    80 | D        | Reached skill level 5 in Short Blades
    80 | D        | Reached skill level 9 in Stealth
    80 | D        | Reached skill level 1 in Conjurations
    80 | D        | Reached skill level 5 in Hexes
    80 | D        | Reached XP level 5. HP: 27/27 MP: 12/14
   106 | D        | Found a snail-covered altar of Cheibriados.
   106 | D        | Found a shadowy altar of Dithmenos.
   106 | D        | Noticed a slime creature
   107 | D        | Found a viscous altar of Jiyva.
   107 | D        | Found a blossoming altar of Fedhas.
   110 | D        | Became a worshipper of Dithmenos the Shadowed
   231 | D        | Killed a slime creature
   231 | D        | Reached skill level 10 in Stealth
   231 | D        | Reached skill level 1 in Invocations
   231 | D        | Reached XP level 6. HP: 32/32 MP: 10/17
   283 | D        | Found a deep blue altar of Sif Muna.
   285 | D        | Found a radiant altar of Vehumet.
   324 | D        | Found Zetsu's Weapon Emporium.
   324 | D        | Found a white marble altar of Elyvilon.
   324 | D        | Found a stormy altar of Qazlal.
   324 | D        | Found a burning altar of Makhleb.
   324 | D        | Found a sacrificial altar of Ru.
   324 | D        | Found an oddly glowing altar of Pakellas.
   324 | D        | Found a basalt altar of Yredelemnul.
   324 | D        | Found a glowing golden altar of the Shining One.
   324 | D        | Found a sparkling altar of Nemelex Xobeh.
   324 | D        | Found a shimmering altar of Xom.
   324 | D        | Found an opulent altar of Gozag.
   324 | D        | Found an ancient bone altar of Kikubaaqudgha.
   324 | D        | Found a glowing silver altar of Zin.
   324 | D        | Noticed a yak
   328 | D        | Killed a yak
   328 | D        | Reached * piety under Dithmenos
   328 | D        | Reached XP level 7. HP: 36/36 MP: 14/19
   331 | D        | Found an iron altar of Okawaru.
   332 | D        | Found a bloodstained altar of Trog.
   363 | D        | Noticed Sonja
   366 | D        | Killed Sonja
   366 | D        | Reached skill level 10 in Dodging
   366 | D        | Reached skill level 11 in Stealth
   366 | D        | Reached XP level 8. HP: 42/42 MP: 17/21
   382 | D        | Found Iwuczi's Antique Weapon Boutique.
   471 | D        | Noticed a deep troll
   475 | D        | Killed a deep troll
   475 | D        | Reached skill level 12 in Stealth
   485 | D        | Found Binovife's Armour Emporium.
   510 | D        | Noticed a centaur warrior
   511 | D        | Noticed a centaur warrior
   513 | D        | Killed a centaur warrior
   513 | D        | Reached ** piety under Dithmenos
   513 | D        | Reached skill level 13 in Stealth
   513 | D        | Reached skill level 10 in Spellcasting
   513 | D        | Reached XP level 9. HP: 46/46 MP: 22/24
   517 | D        | Killed a centaur warrior
   517 | D        | Reached skill level 5 in Fighting
   552 | D        | Noticed an oklob plant
   561 | D        | Killed an oklob plant
   561 | D        | Reached skill level 14 in Stealth
   561 | D        | Reached skill level 5 in Invocations
   673 | D        | Killed a gargoyle
   719 | D        | Reached skill level 5 in Ice Magic
   746 | D        | Reached *** piety under Dithmenos
   746 | D        | Reached skill level 10 in Short Blades
   746 | D        | Reached XP level 10. HP: 51/51 MP: 21/26
   773 | D        | Noticed an unseen horror
   773 | D        | Noticed an unseen horror
   787 | D        | Killed an unseen horror
   789 | D        | Killed an unseen horror
   789 | D        | Reached skill level 5 in Armour
   899 | D        | Reached **** piety under Dithmenos
   959 | D        | Reached ***** piety under Dithmenos
   967 | D        | Reached skill level 15 in Stealth
   990 | D        | Found Beom's Antique Armour Shoppe.
   990 | D        | Found Fyitam's General Store.
   990 | D        | Found Jupnise's Antique Armour Boutique.
   992 | D        | Found Popsouho's Jewellery Emporium.
   992 | D        | Found Xoaz's Food Shop.
   992 | D        | Found Laq Fowah's Weapon Shoppe.
   992 | D        | Found Edeth's Book Boutique.
   992 | D        | Found Cumo's Distillery.
   992 | D        | Found Daklel's Assorted Antiques.
   992 | D        | Found Inoin's Jewellery Shoppe.
   996 | D        | Found Etud's Jewellery Boutique.
   997 | D        | Found Miaff's Gadget Emporium.
   997 | D        | Found Feerah's Jewellery Boutique.
   998 | D        | Found Liunt's Antique Armour Emporium.
  1011 | D        | Bought a runed rapier for 128 gold pieces
  1011 | D        | Bought a shiny tourmaline ring for 160 gold pieces
  1018 | D        | Bought a book of Geomancy for 420 gold pieces
  1022 | D        | Bought an embroidered robe for 16 gold pieces
  1022 | D        | Bought a cloak for 108 gold pieces
  1022 | D        | Bought an embroidered hat for 96 gold pieces
  1060 | D        | Learned a level 3 spell: Stone Arrow
  1063 | D        | Learned a level 2 spell: Passwall
  1068 | D        | Learned a level 4 spell: Petrify
  1074 | D        | Learned a level 5 spell: Lee's Rapid Deconstruction
  1205 | D        | Learned a level 2 spell: Throw Frost
  1209 | D        | Learned a level 3 spell: Ozocubu's Armour
  1239 | D        | Reached skill level 1 in Transmutations
  1242 | D        | Reached skill level 1 in Charms
  1244 | D        | Reached skill level 1 in Earth Magic
  1277 | D        | Reached skill level 5 in Conjurations
  1579 | D        | Reached ****** piety under Dithmenos
  1955 | D        | Noticed a lindwurm
  1957 | D        | Killed a lindwurm
  1957 | D        | Reached XP level 11. HP: 56/56 MP: 28/28
  2018 | D        | Bought the ring of Idealism {Fire +Fly rPois Int+2} for 552 gold pieces
  2122 | D        | Noticed Norris
  2123 | D        | Noticed a lorocyproca
  2146 | D        | Killed a lorocyproca
  2146 | D        | Reached skill level 16 in Stealth
  2237 | D        | Learned a level 4 spell: Throw Icicle
  2441 | D        | Paralysed by Norris for 4 turns
  2445 | D        | HP: 2/56 [Norris/divine providence (17)]
  2447 | D        | Mangled by Norris

Vault maps used:
D:        dungeon_sprint_1

Skill      XL: |  1  2  3  4  5  6  7  8  9 10 11 |
---------------+----------------------------------+-----
Fighting       | 1 2 3 4 5 6 |  6.2
Short Blades   | 2 4 5 6 7 9 10 11 | 11.6
Armour         | 1 2 3 4 5 |  5.7
Dodging        | 4 6 7 8 9 10 11 12 14 | 14.5
Stealth        | 5 7 9 10 11 13 14 15 16 | 16.0
Spellcasting   | 3 5 6 7 8 10 11 12 | 12.6
Hexes          | 4 5 6 7 8 9 |  9.6
Ice Magic      | 1 2 3 4 5 6 |  6.0
Conjurations   | 1 2 3 4 5 |  5.3
Invocations    | 1 2 3 4 5 |  5.8
Transmutations | 2 3 |  3.5
Charms         | 3 |  3.9
Earth Magic    | 1 2 |  2.4

Action                   |  1- 3 |  4- 6 |  7- 9 | 10-12 || total
-------------------------+-------+-------+-------+-------++-------
Melee: Dagger            |     3 |     5 |    14 |    11 ||    33
       Rapier            |       |       |       |    62 ||    62
 Cast: Corona            |     1 |       |       |       ||     1
       Ensorcelled Hiber |       |     4 |     7 |     6 ||    17
       Dazzling Spray    |       |     1 |       |    30 ||    31
       Confuse           |       |       |     2 |     3 ||     5
       Stone Arrow       |       |       |       |    22 ||    22
       Petrify           |       |       |       |     1 ||     1
       Throw Frost       |       |       |       |     2 ||     2
       Lee's Rapid Decon |       |       |       |     1 ||     1
Invok: Shadow Step       |       |       |       |     1 ||     1
  Use: Potion            |       |       |       |     9 ||     9
       Scroll            |       |       |       |     4 ||     4
 Stab: Sleeping          |     2 |     4 |     8 |    15 ||    29
       Confused          |       |       |     2 |       ||     2
       Invisible         |       |       |       |     4 ||     4
  Eat: Bread ration      |       |       |       |     1 ||     1
Armor: Robe              |       |       |       |     2 ||     2
Dodge: Dodged            |       |     4 |     3 |   161 ||   168
